 Dungeon Crawl Stone Soup version 0.29-a0-378-gc08b2e8bf8 (webtiles) character file.

Game seed: 16651528717556378623

272 Bruhh the Skirmisher (level 6, -2/53 HPs)
             Began as a Human Monk on May 5, 2022.
             Was a Priest of Makhleb.
             Engulfed by a smoke demon's steam (11 damage)
             ... summoned by the player character
             ... on level 3 of the Dungeon.
             The game lasted 00:05:49 (2441 turns).

Bruhh the Skirmisher (Human Monk)                   Turns: 2441, Time: 00:05:49

Health: -2/53      AC:  4    Str: 11    XL:     6   Next: 48%
Magic:  6/6        EV: 12    Int: 11    God:    Makhleb [***...]
Gold:   60         SH:  0    Dex: 17    Spells: 5/5 levels left

rFire   . . .      SeeInvis .   s - +1 short sword (drain)
rCold   . . .      Faith    .   (no shield)
rNeg    . . .      Spirit   .   j - +0 leather armour
rPois   .          Reflect  .   (no helmet)
rElec   .          Harm     .   r - +0 cloak
rCorr   .          Rampage  .   (no gloves)
Will    .....                   (no boots)
Stlth   ++........              (no amulet)
HPRegen 0.17/turn               (no ring)
MPRegen 0.10/turn               (no ring)

@: no status effects
A: no striking features
a: Renounce Religion, Minor Destruction, Lesser Servant of Makhleb


You were on level 3 of the Dungeon.
You worshipped Makhleb.
Makhleb was most pleased with you.
You visited 1 branch of the dungeon, and saw 3 of its levels.

You collected 60 gold pieces.

Inventory:

Hand Weapons
 a - a +0 spear
 f - a +0 dagger of protection
 s - a +1 short sword of draining (weapon)
Missiles
 h - 6 javelins (quivered)
Armour
 b - a +0 robe
 j - a +0 leather armour (worn)
 r - a +0 cloak (worn)
Scrolls
 d - a scroll of identify {unknown}
 i - a scroll of noise {unknown}
 k - a scroll of poison {unknown}
 l - a scroll of magic mapping {unknown}
 m - a scroll of amnesia {unknown}
 n - a scroll of immolation {unknown}
 p - a scroll of vulnerability {unknown}
 q - a scroll of enchant weapon {unknown}
Potions
 c - a potion of ambrosia
 e - a potion of curing {unknown}
 g - a potion of heal wounds
 o - a potion of magic {unknown}


   Skills:
 + Level 6.6 Fighting
 - Level 3.0 Polearms
 - Level 3.0 Dodging
 - Level 2.0 Stealth
 + Level 1.2 Invocations


You had 5 spell levels left.
You didn't know any spells.
Your spell library was empty.

Dungeon Overview and Level Annotations

Branches:
Dungeon (3/15)

Altars:
Cheibriados
Makhleb


Message History

Ijyb writhes in agony.
The bat barely misses you. The bat hits you.
* * * LOW HITPOINT WARNING * * *
Ijyb barely misses you.
A demon appears!
The bat barely misses you. Ijyb closely misses you.
Okay, then.
What are your orders? t - Shout!
Orders for allies: a - Attack new target. p - Attack previous target. r - Retreat! s - Stop attacking. g - Guard the area. f - Follow me.
Anything else - Cancel.
Okay, then.
Unknown command.
Unknown command.
What are your orders? t - Shout!
Orders for allies: a - Attack new target. p - Attack previous target. r - Retreat! s - Stop attacking. g - Guard the area. f - Follow me.
Anything else - Cancel.
You shout for attention!
You hear a shout!
The bat misses you. Ijyb completely misses you.
Your smoke demon gestures at Ijyb.
The ball of steam hits Ijyb!
Ijyb dies!
Makhleb accepts your kill.
Your Invocations skill increases to level 1!
You are too injured to fight recklessly!
You are too injured to fight recklessly!
You are too injured to fight recklessly!
You are too injured to fight recklessly!
Unknown command.
You are too injured to fight recklessly!
The bat barely misses you.
Your smoke demon gestures at the bat.
The ball of steam hits the bat!!
The bat dies!
Makhleb accepts your kill.
You are engulfed in a cloud of scalding steam.
You die...

.####....
........####.#
........... .#
...>....##.####
......§.......
#...§........ .
#.......>....
....#.§@.....#
#..3.§§§...#
.....§§§§§....#
.####.§§§§.......
#...........#
#...........#
...........(.#
.###..........#
#..........#


You could see a friendly smoke demon (summoned).

Vanquished Creatures
  5 adders (D:2)
  A worm (D:2)
  6 endoplasms
  2 goblins (D:1)
  5 hobgoblins
  4 quokkas
  4 ball pythons
  5 bats
  3 frilled lizards
  4 kobolds
  3 rats
42 creatures vanquished.

Vanquished Creatures (collateral kills)
  Sigmund (D:2)
  Ijyb (D:3)
  A bat (D:3)
3 creatures vanquished.

Grand Total: 45 creatures vanquished

Notes
Turn   | Place    | Note
-------+----------+-------------------------------------------
     0 | D:1      | Bruhh the Human Monk began the quest for the Orb.
     0 | D:1      | Reached XP level 1. HP: 18/18 MP: 1/1
   114 | D:1      | Reached XP level 2. HP: 7/24 MP: 2/2
   722 | D:1      | Found a faded altar of an unknown god.
   772 | D:1      | Prayed at the altar of an unknown god.
   772 | D:1      | Became a worshipper of Makhleb the Destroyer
   772 | D:1      | Reached * piety under Makhleb
   772 | D:1      | Reached ** piety under Makhleb
   900 | D:2      | Found a snail-covered altar of Cheibriados.
   907 | D:2      | Reached skill level 4 in Fighting
   907 | D:2      | Reached XP level 3. HP: 29/30 MP: 3/3
  1053 | D:2      | Reached XP level 4. HP: 22/38 MP: 4/4
  1448 | D:2      | Reached *** piety under Makhleb
  1589 | D:2      | Noticed Sigmund
  1619 | D:2      | HP: 1/38 [something (10)]
  1632 | D:2      | Killed Sigmund
  1633 | D:2      | Reached skill level 6 in Fighting
  1633 | D:2      | Reached XP level 5. HP: 12/47 MP: 5/5
  1633 | D:2      | Reached XP level 6. HP: 14/53 MP: 6/6
  2428 | D:3      | Noticed Ijyb
  2439 | D:3      | Killed Ijyb
  2440 | D:3      | Reached skill level 1 in Invocations
  2441 | D:3      | Engulfed by a smoke demon's steam

Illustrated notes

Levels and vault maps discovered:
D:1:      lightli_arrival_isolated_outpost, layout_rooms,
          chequers_ecumenical_altar_simple_redux, minmay_3d_cube
D:2:      layout_basic, basic_altar, uniq_sigmund
D:3:      layout_rooms, hex_intersection, uniq_ijyb

Skill      XL: |  1  2  3  4  5  6 |
---------------+-------------------+-----
Fighting       | 4 6 |  6.6
Invocations    | 1 |  1.2
Polearms       | |  3.0
Dodging        | |  3.0
Stealth        | |  2.0

Action                   |  1- 3 |  4- 6 || total
-------------------------+-------+-------++-------
Melee: Spear             |    31 |       ||    31
       Dagger            |    82 |   123 ||   205
       Punch             |     2 |     5 ||     7
       Short sword       |       |     6 ||     6
Invok: Lesser Servant of |       |     3 ||     3
       Minor Destruction |       |     2 ||     2
  Use: Potion            |       |     2 ||     2
 Stab: Sleeping          |     7 |       ||     7
Armor: Robe              |     8 |       ||     8
       Leather armour    |    34 |    56 ||    90
Dodge: Dodged            |    74 |    91 ||   165

Table legend: (Time is in decaauts)
 A = Elapsed time spent in this place.
 B = Non-inter-level travel time spent in this place.
 C = Inter-level travel time spent in this place.
 D = Time resting spent in this place.
 E = Time spent auto-exploring this place.
 F = Levels seen in this place.
 G = Mean time per level.
                   A        B        C        D        E       F      G
               +--------+--------+--------+--------+--------+-----+--------+
         Total |   2450 |   2383 |     67 |    292 |   1560 |   3 |  816.7 |
       Dungeon |   2450 |   2383 |     67 |    292 |   1560 |   3 |  816.7 |
               +--------+--------+--------+--------+--------+-----+--------+

Top non-repeatable levels by time:
     D:2: 1224 daAuts
     D:1: 1212 daAuts
     D:3: 13 daAuts
